 Dungeon Crawl Stone Soup version 0.28.0-53-g5a82cb258f (webtiles) character file.

Game seed: 16728447362235896995

46 Sin92 the Skirmisher (level 3, -4/29 HPs)
             Began as a Demonspawn Fighter on June 28, 2022.
             Slain by Natasha (6 damage)
             ... on level 2 of the Dungeon.
             The game lasted 00:02:01 (2309 turns).

Sin92 the Skirmisher (Demonspawn Fighter)           Turns: 2309, Time: 00:02:02

Health: -4/29      AC: 12    Str: 18    XL:     3   Next: 44%
Magic:  3/3        EV:  9    Int:  9    God:
Gold:   69         SH:  4    Dex: 12    Spells: 2/2 levels left

rFire   . . .      SeeInvis .   a - +0 war axe
rCold   . . .      Faith    .   c - +0 buckler
rNeg    + . .      Spirit   .   b - +0 scale mail
rPois   .          Reflect  .   m - +0 helmet
rElec   .          Harm     .   q - +1 cloak
rCorr   .          Rampage  .   (no gloves)
Will    .....                   (no boots)
Stlth   ..........              (no amulet)
HPRegen 0.09/turn               o - ring of positive energy
MPRegen 0.08/turn               (no ring)

@: slowed, very slow
A: thin metallic scales 1, demonic magic 1
a: no special abilities


You were on level 2 of the Dungeon.
You visited 1 branch of the dungeon, and saw 3 of its levels.

You collected 69 gold pieces.

Inventory:

Hand Weapons
 a - a +0 war axe (weapon)
Armour
 b - a +0 scale mail (worn)
 c - a +0 buckler (worn)
 m - a +0 helmet (worn)
 q - a +1 cloak (worn)
Jewellery
 o - a ring of positive energy (left hand)
Scrolls
 g - a scroll of blinking
 i - a scroll of magic mapping
 p - a scroll of torment
Potions
 d - 2 potions of might
 f - 2 potions of cancellation {unknown}
 k - a potion of attraction {unknown}
 n - a potion of invisibility {unknown}


   Skills:
 + Level 3.3 Fighting
 * Level 2.6 Axes
 + Level 3.0 Armour
 + Level 3.0 Shields


You had 2 spell levels left.
You didn't know any spells.
Your spell library was empty.

Dungeon Overview and Level Annotations

Branches:
Dungeon (3/15)

Altars:

Annotations:
D:2 Natasha


Innate Abilities, Weirdness & Mutations

You are partially covered in thin metallic scales. (AC +2)
Spells you cast may paralyse adjacent enemies.


Message History

Natasha is heavily wounded.
You hit the crimson imp but do no damage.
You block the crimson imp's attack. Natasha casts a spell at you.
The magic dart hits you.
* * * LOW HITPOINT WARNING * * *
The crimson imp blinks! x2; Natasha misses you.
The crimson imp blinks!
You closely miss Natasha.
Natasha is heavily wounded.
The crimson imp blinks!
Natasha stares at you and mumbles some strange words.
The magic dart hits you but does no damage.
Natasha claws you but does no damage.
You barely miss Natasha.
Natasha is heavily wounded.
You block Natasha's attack.
The crimson imp blinks!
Natasha barely misses you.
You hit Natasha.
Natasha is severely wounded.
You hit the crimson imp. The crimson imp closely misses you.
Natasha claws you but does no damage. The crimson imp hits you.
* * * LOW HITPOINT WARNING * * *
Natasha claws you but does no damage.
You closely miss Natasha.
Natasha is severely wounded.
You hit the crimson imp. You block the crimson imp's attack.
Natasha casts a spell at you.
The magic dart hits you but does no damage.
The crimson imp closely misses you.
The crimson imp blinks!
Natasha claws you.
* * * LOW HITPOINT WARNING * * *
You barely miss Natasha.
Natasha is severely wounded.
You hit the crimson imp.
The crimson imp disappears in a puff of smoke! x2
Natasha claws you but does no damage.
Natasha stares at you and mumbles some strange words.
The magic dart hits you but does no damage.
You closely miss Natasha.
Natasha is severely wounded.
Natasha claws you.
You die...

#.............# #..
#.............# #..
#......######## #..
######.....(..#############..
#....'.......................
#.####........######......###
#.####........# #......#
#.............######......#
#...........@h....##......#
#...........>.....'.......#
#.................##......#
#.................#####'###
#...................###..####
#..........)........##.......
#..........)........##.#.####
#.#...#.............##'#....#
#.#.#.#######.......#.......#


You could see Natasha.

Vanquished Creatures
  A worm (D:2)
  2 dart slugs
  3 endoplasms
  2 giant cockroaches (D:2)
  7 goblins
  5 hobgoblins
  A quokka (D:1)
  A ball python (D:2)
  6 bats
  A frilled lizard (D:1)
  5 kobolds
  A rat (D:1)
35 creatures vanquished.

Notes
Turn   | Place    | Note
-------+----------+-------------------------------------------
     0 | D:1      | Sin92 the Demonspawn Fighter began the quest for the Orb.
     0 | D:1      | Reached XP level 1. HP: 18/18 MP: 1/1
   369 | D:1      | Gained mutation: Spells you cast may paralyse adjacent
                  | enemies. [demonic ancestry]
   369 | D:1      | Reached XP level 2. HP: 24/24 MP: 2/2
  1006 | D:1      | Found a faded altar of an unknown god.
  1454 | D:2      | Gained mutation: You are partially covered in thin metallic
                  | scales. (AC +2) [demonic ancestry]
  1454 | D:2      | Reached XP level 3. HP: 29/29 MP: 3/3
  2287 | D:3      | Noticed Natasha
  2309 | D:2      | Slain by Natasha

Illustrated notes

Levels and vault maps discovered:
D:1:      wander_arrival_peaceful_grave, layout_loops_ring,
          chequers_ecumenical_altar_grove, minmay_fountain_box,
          minmay_misc_feat_diagonals, minmay_heptomino_h4
D:2:      layout_basic, ebering_dispersal_statue_hall
D:3:      layout_basic, amcnicky_altar_gilded, gammafunk_ghost_necromancy,
          hangedman_decor_peaks_small, kennysheep_potato, uniq_natasha,
          uniq_ijyb

Skill      XL: |  1  2  3 |
---------------+----------+-----
Axes           | 2 |  2.6
Shields        | 3 |  3.0
Armour         | 3 |  3.0
Fighting       | |  3.3

Action                   || total
-------------------------++-------
Melee: War axe           ||   117
  Use: Scroll            ||     6
Armor: Scale mail        ||    77
Dodge: Dodged            ||    51
Block: Buckler           ||    32
